 Dungeon Crawl Stone Soup version 0.19.4-8-ga85b6b9 (webtiles) character file.

58 JeffiDaFish the Stinger (level 4, -3/25 HPs)
             Began as a Gargoyle Venom Mage on Feb 11, 2017.
             Slain by a hound (4 damage)
             ... on level 2 of the Dungeon.
             The game lasted 00:04:55 (1873 turns).

JeffiDaFish the Stinger (Gargoyle Venom Mage)       Turns: 1873, Time: 00:04:56

Health: -3/25      AC:  6    Str: 12    XL:     4   Next: 1%
Magic:  0/7        EV: 11    Int: 15    God:
Gold:   0          SH:  0    Dex: 11    Spells: 2 memorised, 3 levels left

rFire  . . .     SeeInvis .     e - +0 dagger
rCold  . . .     Gourm    .     f - +0 leather armour
rNeg   + . .     Faith    .     (no shield)
rPois  ∞         Spirit   .     (no helmet)
rElec  +         Reflect  .     (no cloak)
rCorr  .         Harm     .     (no gloves)
MR     .....                    (no boots)
Stlth  ++........               (no amulet)
                                (no ring)
                                (no ring)

@: very slightly contaminated
A: negative energy resistance 1, electricity resistance, unbreathing,
petrification resistance, rot immunity, AC +3
a: no special abilities


You were on level 2 of the Dungeon.
You were not hungry.

You visited 1 branch of the dungeon, and saw 2 of its levels.

Inventory:

Hand Weapons
 e - a +0 dagger (weapon)
Armour
 f - a +0 leather armour (worn)
Books
 b - a Young Poisoner's Handbook

   Spells                             Type                      Level
   a - Sting                          Conjuration/Poison           1
   b - Mephitic Cloud                 Conjuration/Poison/Air       3
   c - Olgreb's Toxic Radiance        Poison                       4
   d - Alistair's Intoxication        Transmutation/Poison         5
   e - Venom Bolt                     Conjuration/Poison           5
Comestibles
 a - a slice of pizza
 c - a bread ration
 d - 4 chunks of flesh
 g - a royal jelly


   Skills:
 + Level 1.0 Fighting
 + Level 0.6 Short Blades
 + Level 1.7 Dodging
 + Level 2.3 Stealth
 * Level 2.4 Spellcasting
 * Level 0.9 Conjurations
 * Level 0.1 Air Magic
 + Level 4.4 Poison Magic


You had 3 spell levels left.
You knew the following spells:

 Your Spells              Type           Power        Failure   Level  Hunger
a - Sting                 Conj/Pois      #...         12%         1    #......
b - Mephitic Cloud        Conj/Pois/Air  #.......     45%         3    ###....


Dungeon Overview and Level Annotations

Branches:
Dungeon (2/15)

Altars:


Innate Abilities, Weirdness & Mutations

You are resistant to torment.
Your stone body is resilient. (AC +3)
You are immune to poison.
You resist negative energy. (rN+)
You are resistant to electric shocks. (rElec)
You can survive without breathing.
You are immune to petrification.
You are immune to rotting.


Message History

You hit the hound.
The hound is almost dead.
The hound bites you.
* * * LOW HITPOINT WARNING * * *
You closely miss the hound.
The hound is almost dead.
The hound looks more healthy.
The hound bites you but does no damage.
You barely miss the hound.
The hound is almost dead.
The hound bites you but does no damage. The hound misses you.
You closely miss the hound.
The hound is almost dead.
The hound bites you but does no damage.
Casting: Sting
Confirm with . or Enter, or press ? or * to list all spells.
You don't have enough magic to cast that spell.
You hit the hound.
The hound is almost dead.
The hound bites you but does no damage. The hound bites you.
You die...

#...$....#
#........#
#........#
#........#
#........#
#........#
#........# #
#........#####..#
#........hh@...>#
########.########
#.# #.. ####


You could see 2 hounds.

Vanquished Creatures
  A gnoll (D:2)
  An adder (D:1)
  A dart slug (D:1)
  A leopard gecko (D:1)
  8 bats (D:1)
  9 goblins
  7 hobgoblins (D:1)
  3 kobolds (D:1)
  A frilled lizard (D:2)
  2 rats
34 creatures vanquished.

Notes
Turn   | Place    | Note
-------+----------+-------------------------------------------
     0 | D:1      | JeffiDaFish the Gargoyle Venom Mage began the quest for the Orb.
     0 | D:1      | Reached XP level 1. HP: 10/10 MP: 3/3
   358 | D:1      | Reached XP level 2. HP: 13/15 MP: 1/5
   983 | D:1      | Reached XP level 3. HP: 19/20 MP: 3/6
  1322 | D:1      | Reached skill level 1 in Fighting
  1739 | D:1      | Learned a level 3 spell: Mephitic Cloud
  1794 | D:2      | Reached XP level 4. HP: 8/25 MP: 0/7
  1869 | D:2      | HP: 1/25 [hound (1)]
  1873 | D:2      | Slain by a hound

Skill      XL: |  1  2  3 |
---------------+----------+-----
Fighting       | 1 |  1.0
Short Blades   | |  0.6
Dodging        | |  1.7
Stealth        | |  2.3
Spellcasting   | |  2.4
Conjurations   | |  0.9
Air Magic      | |  0.1
Poison Magic   | |  4.4

Action                   |  1- 3 |  4- 6 || total
-------------------------+-------+-------++-------
Melee: Dagger            |    84 |    14 ||    98
       Unarmed           |    10 |       ||    10
 Cast: Sting             |    34 |     1 ||    35
       Mephitic Cloud    |     2 |       ||     2
  Use: Scroll            |     3 |       ||     3
       Potion            |     1 |       ||     1
 Stab: Confused          |     1 |       ||     1
       Sleeping          |     1 |       ||     1
  Eat: Chunk             |     3 |     1 ||     4
Armor: Robe              |    10 |       ||    10
       Leather armour    |    21 |    19 ||    40
Dodge: Dodged            |    63 |    14 ||    77
